 Dungeon Crawl Stone Soup version 0.28-a0-1038-g9c4cb8273d (webtiles) character file.

Game seed: 10670731195641762687

23887 karkarkar the Severer (level 13, -6/102 HPs)
             Began as a Formicid Fighter on Dec 8, 2021.
             Was a Priest of the Shining One.
             Mangled by Rupert (7 damage)
             ... on level 3 of the Lair of Beasts.
             The game lasted 00:51:25 (13617 turns).

karkarkar the Severer (Formicid Fighter)           Turns: 13617, Time: 00:51:26

Health: -6/102     AC: 14    Str: 33    XL:     13   Next: 38%
Magic:  13/16      EV:  9    Int: 12    God:    the Shining One [***...]
Gold:   340        SH: 13    Dex: 10    Spells: 12/12 levels left

rFire   . . .      SeeInvis +   a - +3 battleaxe (freeze)
rCold   . . .      Faith    .   c - +1 buckler
rNeg    + . .      Spirit   .   n - +4 chain mail of Eternal Vigilance {Str+3 Int+4}
rPois   +          Reflect  .   (helmet unavailable)
rElec   .          Harm     .   (no cloak)
rCorr   +          Rampage  .   (no gloves)
Will    +....                   D - +0 pair of boots "Addohiepp" {rPois Stlth+}
Stlth   ..........              l - amulet of regeneration
HPRegen 1.07/turn               m - ring of resist corrosion
MPRegen 0.15/turn               q - ring "Gon Muc" {rPois Str+4}

@: divinely shielded, glowing
A: permanent stasis, dig shafts and tunnels, antennae 3, four strong arms
a: Dig, Shaft Self, Renounce Religion, Divine Shield, Cleansing Flame


You were on level 3 of the Lair of Beasts.
You worshipped the Shining One.
The Shining One was most pleased with you.
You visited 3 branches of the dungeon, and saw 17 of its levels.

You collected 764 gold pieces.
You spent 424 gold pieces at shops.

Inventory:

Hand Weapons
 a - a +3 battleaxe of freezing (weapon)
 b - the +4 flail of Foma {vorpal, Int+2}
   (You found it on level 9 of the Dungeon)

   It inflicts extra damage upon your enemies.
   Int:       It affects your intelligence (+2).
 B - a +0 broad axe
Missiles
 d - 5 boomerangs
 i - 34 poisoned darts
 r - 3 curare-tipped darts (quivered)
 w - 2 throwing nets
 y - 6 javelins
Armour
 c - a +1 buckler (worn)
 n - the +4 chain mail of Eternal Vigilance (worn) {Str+3 Int+4}
   (You found it on level 4 of the Dungeon)

   Str:       It affects your strength (+3).
   Int:       It affects your intelligence (+4).
 u - a +2 pair of boots
 D - the +0 pair of boots "Addohiepp" (worn) {rPois Stlth+}
   (You found it on level 11 of the Dungeon)

   rPois:     It protects you from poison.
   Stlth:     It makes you more stealthy.
 I - a +2 plate armour of positive energy
Jewellery
 l - an amulet of regeneration (around neck)
 m - a ring of resist corrosion (left hand)
 q - the ring "Gon Muc" (right hand) {rPois Str+4}
   (You bought it in a shop on level 10 of the Dungeon)

   [ring of poison resistance]

   Str:       It affects your strength (+4).
   rPois:     It protects you from poison.
 C - a +4 ring of evasion
 H - a ring of positive energy
Wands
 p - a wand of paralysis (6)
 E - a wand of digging (6)
 G - a wand of acid (9)
 J - a wand of iceblast (16)
Scrolls
 e - a scroll of enchant armour
 s - 2 scrolls of magic mapping
 x - a scroll of silence
 z - 2 scrolls of fog
 K - a scroll of enchant weapon
Potions
 f - 3 potions of magic {unknown}
 g - 2 potions of flight {unknown}
 h - 2 potions of mutation
 j - 2 potions of ambrosia
 k - 5 potions of attraction
 o - a potion of curing {unknown}
 t - 2 potions of cancellation {unknown}
 v - a potion of heal wounds
 A - 3 potions of brilliance {unknown}
 F - a potion of degeneration {unknown}


   Skills:
 + Level 9.7 Fighting
 * Level 18.6(18.7) Axes
 - Level 1.5(12.3) Maces & Flails
 - Level 1.6 Throwing
 - Level 4.6 Armour
 - Level 0.7 Dodging
 + Level 2.0 Stealth
 - Level 4.4 Shields
 + Level 4.1 Invocations
 + Level 1.2 Evocations


You had 12 spell levels left.
You didn't know any spells.
Your spell library contained the following spells:

 Spells                   Type           Power      Damage    Failure   Level
 Slow                     Hex            0%         N/A       80%         1
 Summon Small Mammal      Summ           0%         N/A       80%         1
 Static Discharge         Conj/Air       0%         N/A       91%         2
 Call Canine Familiar     Summ           0%         N/A       99%         3
 Confusing Touch          Hex            0%         N/A       99%         3
 Frozen Ramparts          Ice            0%         1d2       99%         3
 Portal Projectile        Hex/Tloc       0%         N/A       99%         3
 Summon Guardian Golem    Hex/Summ       0%         N/A       99%         3
 Vampiric Draining        Necr           0%         2d6       99%         3
 Airstrike                Air            0%         N/A       100%        4
 Dispel Undead            Necr           0%         3d6       100%        4
 Ice Form                 Ice/Tmut       0%         N/A       100%        4
 Leda's Liquefaction      Hex/Erth       0%         N/A       100%        4
 Petrify                  Tmut/Erth      0%         N/A       100%        4
 Sticky Flame             Conj/Fire      0%         2d3       100%        4
 Summon Ice Beast         Ice/Summ       0%         N/A       100%        4
 Summon Lightning Spire   Summ/Air       0%         N/A       100%        4
 Lightning Bolt           Conj/Air       0%         1d11      100%        5
 Metabolic Englaciation   Hex/Ice        0%         N/A       100%        5
 Statue Form              Tmut/Erth      0%         N/A       100%        6


Dungeon Overview and Level Annotations

Branches:
Dungeon (13/15)            Temple (1/1) D:4            Lair (3/6) D:9
  Snake (0/4) Lair:2          Orc (0/2) D:12
  Swamp: Lair:2-4    Shoals: Lair:2-4    Vaults: D:13-14

Altars:
Ashenzari
Cheibriados
Dithmenos
Elyvilon
Fedhas
Gozag
Hepliaklqana
Kikubaaqudgha
Makhleb
Nemelex Xobeh
Okawaru
Qazlal
Ru
Sif Muna
Trog
Uskayaw
Vehumet
Wu Jian
Xom
Yredelemnul
Zin
The Shining One

Shops:
D:1 [   D:10 =

Portals:
Trove: D:11 (give +5 demon blade)

Annotations:
D:8 2 runed translucent doors, horus123's ghost, novice OgBe
Lair:3 Rupert


Innate Abilities, Weirdness & Mutations

You cannot be hasted, slowed, berserked, paralysed or teleported.
You can dig through walls and to a lower floor.
You have a pair of large antennae on your head. (SInv)
Your four strong arms can wield two-handed weapons with a shield.


Message History

Rupert yells loudly at you. You resist with significant effort.
You barely miss Rupert.
Rupert is moderately wounded.
You block Rupert's attack.
You slash Rupert! You freeze Rupert.
Rupert is moderately wounded.
Rupert looks more healthy.
You slice Rupert!! You freeze Rupert!
Rupert is severely wounded.
Rupert roars madly and goes into a rage!
Rupert goes berserk!
You hit Rupert. You freeze Rupert.
Rupert is severely wounded.
Rupert hits you with a +2 vorpal triple sword!!
Unknown command.
You slash Rupert! You freeze Rupert.
Rupert is severely wounded.
Rupert hits you with a +2 vorpal triple sword!
You hit Rupert. You freeze Rupert.
Rupert is severely wounded.
Rupert barely misses you.
Rupert hits you with a +2 vorpal triple sword!
Okay, then.
Your shield is strengthened by the Shining One's divine power.
Rupert hits you with a +2 vorpal triple sword!
You feel much better. Rupert hits you but does no damage.
You block Rupert's attack.
Throw: 4 darts (curare)
Press: ? - help, Q - select action, (/) - cycle Shift-Dir - straight line, f/p - Rupert
Aim: Rupert, wielding a +2 vorpal triple sword and wearing a +0 scale mail (severely wounded, berserk, haloed, 82% to hit)
You throw a curare-tipped dart. The curare-tipped dart hits Rupert.
Rupert is poisoned.
Rupert convulses.
Rupert seems to slow down.
Rupert is severely wounded.
Rupert hits you with a +2 vorpal triple sword!!
* * * LOW HITPOINT WARNING * * *
Rupert hits you with a +2 vorpal triple sword!!
* * * LOW HITPOINT WARNING * * *
You die...

#...##...##
##..P# ##.⌠.#
#...###††.#
#..@.##
#..##.#..#
##.....#
#....##..P#
#...<..#
#⌠.<.# ....#
##.....#
#.†.## ..P#..
#....####(...#
.... ..
##.⌠.###(..###
..... .
{#(..##..@##
......
.((....@(#
.....(.##.#
.....(.# ...
...## .....
.⌠( #.#P... .
##.... ... ..


You could see Rupert (berserk, very poisoned, slow).

Vanquished Creatures
  Harold (Lair:2)
  A hydra (Lair:1)
  5 two-headed ogres
  A deep elf pyromancer (D:13)
  An ugly thing (D:11)
  A cyclops (D:12)
  2 black mambas
  Joseph (D:7)
  6 cane toads
  A gargoyle (D:12)
  Maggie (D:8)
  3 unseen horrors
  A troll (D:12)
  A meliai zombie (D:11)
  Sigmund (D:6)
  A shadow (D:7)
  A vampire (D:10)
  2 wyverns
  3 wraiths
  2 basilisks
  35 yaks
  A steam dragon (D:8)
  3 acid dragons
  5 nagas (Lair:2)
  10 water moccasins
  7 orc warriors
  A sky beast (D:5)
  4 black bears
  An ice beast (D:8)
  A necrophage (D:5)
  4 wolves
  An ogre (D:4)
  3 centaurs
  A phantom (D:5)
  2 kobold brigands
  3 scorpions
  9 bullfrogs
  A water moccasin zombie (D:5)
  A water moccasin skeleton (D:6)
  10 killer bees
  5 howler monkeys
  5 wights (D:7)
  6 centaur zombies
  6 hounds
  3 orc priests
  A gnoll shaman (D:5)
  An iguana (D:4)
  7 orc wizards
  A howler monkey zombie (D:7)
  5 gnolls
  A howler monkey skeleton (D:5)
  3 adders
  A shadow imp (D:4)
  An ufetubus (D:5)
  3 worms
  A dart slug (D:2)
  26 orcs
  6 endoplasms
  A giant cockroach (D:4)
  5 goblins
  4 hobgoblins
  5 jackals
  4 quokkas
  5 ball pythons
  3 bats
  2 frilled lizards (D:2)
  12 kobolds
  4 rats (D:1)
266 creatures vanquished.

Vanquished Creatures (collateral kills)
  A necrophage (D:5)
  An adder (D:5)
2 creatures vanquished.

Vanquished Creatures (others)
  22 fungi
  25 plants
47 creatures vanquished.

Grand Total: 315 creatures vanquished

Notes
Turn   | Place    | Note
-------+----------+-------------------------------------------
     0 | D:1      | karkarkar the Formicid Fighter began the quest for the Orb.
     0 | D:1      | Reached XP level 1. HP: 18/18 MP: 1/1
   388 | D:1      | Reached XP level 2. HP: 22/24 MP: 2/2
   546 | D:1      | Found Acit's Armour Shop.
  1544 | D:2      | Reached XP level 3. HP: 29/29 MP: 3/3
  2059 | D:2      | Found a faded altar of an unknown god.
  2138 | D:2      | Reached XP level 4. HP: 35/35 MP: 4/4
  2430 | D:3      | Reached skill level 3 in Axes
  3321 | D:4      | Noticed a scorpion
  3335 | D:5      | Entered Level 5 of the Dungeon
  3341 | D:5      | Reached XP level 5. HP: 23/42 MP: 5/5
  3356 | D:5      | Noticed a necrophage
  3363 | D:5      | Killed a necrophage
  3364 | D:5      | Reached skill level 4 in Axes
  3364 | D:5      | Reached XP level 6. HP: 30/48 MP: 6/6
  3402 | D:5      | Noticed a necrophage
  3411 | D:5      | Killed a necrophage
  3412 | D:5      | Reached skill level 5 in Axes
  3489 | D:4      | Reached XP level 7. HP: 32/54 MP: 7/7
  3502 | D:4      | Reached skill level 6 in Axes
  3702 | D:4      | Found an opulent altar of Gozag.
  3712 | D:4      | Identified the +4 chain mail of Eternal Vigilance {Str+3
                  | Int+4}
  4091 | D:4      | Found a staircase to the Ecumenical Temple.
  4513 | Temple   | Entered the Ecumenical Temple
  4801 | Temple   | Became a worshipper of the Shining One
  4970 | D:5      | Reached XP level 8. HP: 47/61 MP: 8/8
  5067 | D:5      | Reached skill level 7 in Axes
  5067 | D:5      | Reached skill level 1 in Stealth
  5106 | D:5      | Reached skill level 1 in Evocations
  5449 | D:5      | Reached skill level 8 in Axes
  6079 | D:6      | Noticed Sigmund
  6092 | D:6      | Killed Sigmund
  6093 | D:6      | Reached skill level 9 in Axes
  6093 | D:6      | Reached XP level 9. HP: 67/67 MP: 9/9
  6255 | D:6      | Reached skill level 5 in Fighting
  6421 | D:7      | Reached * piety under the Shining One
  6422 | D:7      | Reached skill level 10 in Axes
  6442 | D:7      | Noticed Joseph
  6589 | D:7      | Reached skill level 1 in Throwing
  6726 | D:7      | Found an ornate altar of the Wu Jian Council.
  6784 | D:7      | Reached skill level 11 in Axes
  6838 | D:7      | Noticed a five-headed hydra
  7098 | D:7      | Killed Joseph
  7099 | D:7      | Reached skill level 1 in Maces & Flails
  7331 | D:8      | Found a large runed translucent door.
  7331 | D:8      | Found a large runed translucent door.
  7334 | D:8      | Noticed horus123's ghost (novice OgBe)
  7375 | D:8      | Noticed Maggie
  7388 | D:8      | Killed Maggie
  7389 | D:8      | Reached skill level 1 in Invocations
  7389 | D:8      | Reached XP level 10. HP: 76/76 MP: 10/10
  7541 | D:8      | Reached skill level 12 in Axes
  7996 | D:9      | Found a staircase to the Lair.
  8026 | D:9      | Reached skill level 13 in Axes
  8077 | D:9      | Reached ** piety under the Shining One
  8097 | D:9      | Identified the +4 flail of Foma {vorpal, Int+2}
  8370 | D:9      | Reached XP level 11. HP: 66/84 MP: 12/12
  8470 | D:9      | Reached skill level 14 in Axes
  8882 | D:10     | Entered Level 10 of the Dungeon
  8943 | D:10     | Noticed a two-headed ogre
  8948 | D:10     | Killed a two-headed ogre
  9034 | D:10     | Found Sarph's Jewellery Shoppe.
  9039 | D:10     | Bought the ring "Gon Muc" {rPois Str+4} for 424 gold pieces
  9140 | D:10     | Noticed a two-headed ogre
  9149 | D:10     | Killed a two-headed ogre
  9150 | D:10     | Reached skill level 15 in Axes
  9604 | D:11     | Found a portal to a secret trove of treasure.
  9660 | D:11     | Identified the +0 pair of boots "Addohiepp" {rPois Stlth+}
  9734 | D:11     | Reached XP level 12. HP: 93/93 MP: 13/13
  9805 | D:11     | Reached *** piety under the Shining One
 10001 | D:11     | Noticed a two-headed ogre
 10005 | D:11     | Killed a two-headed ogre
 10006 | D:11     | Reached skill level 16 in Axes
 10286 | D:11     | Noticed a two-headed ogre
 10295 | D:11     | Killed a two-headed ogre
 10875 | D:12     | Noticed a two-headed ogre
 10884 | D:12     | Killed a two-headed ogre
 11178 | D:12     | Found a staircase to the Orcish Mines.
 11246 | D:12     | Reached skill level 17 in Axes
 11489 | D:13     | Noticed a centaur warrior
 11582 | Lair:1   | Entered Level 1 of the Lair of Beasts
 12029 | Lair:1   | Noticed an eight-headed hydra
 12037 | Lair:1   | Killed an eight-headed hydra
 12689 | Lair:2   | Reached XP level 13. HP: 101/101 MP: 15/15
 12834 | Lair:2   | Noticed Harold
 12844 | Lair:2   | Killed Harold
 12932 | Lair:2   | Reached skill level 18 in Axes
 13090 | Lair:2   | Found a staircase to the Snake Pit.
 13497 | Lair:3   | Noticed Rupert
 13617 | Lair:3   | HP: 1/102 [Rupert (23)]
 13617 | Lair:3   | Mangled by Rupert

Illustrated notes

Levels and vault maps discovered:
D:1:      dpeg_cavernosity, layout_loops_corners, serial_shops,
          nicolae_diamond_shop
D:2:      layout_basic, dreamdust_ecumenical_altar_angels_and_demons
D:3:      layout_basic, minmay_crystal_room
D:4:      layout_loops_corners, temple_doors_e, minmay_ruined_shrine
D:5:      layout_rooms, kennysheep_minor_cross
D:6:      layout_basic, uniq_sigmund
D:7:      minmay_cornered_nines, layout_cave_pools,
          mainiacjoe_overflow_surrounded_room, roderic_roman_lattice,
          uniq_joseph
D:8:      layout_cave_pools, ebering_ghost_disaster_area, item_on_display_a,
          uniq_maggie
D:9:      layout_loops_ring, due_lair_maze_entry_diamond,
          kennysheep_generic_room_11
D:10:     layout_gridville, serial_shops, nicolae_shop_crystal,
          hangedman_abyss_or_decor_clamps, nicolae_elevator_lobby_plus
D:11:     nicolae_cairo_tiling_large, layout_stronghold, enter_trove_0,
          nicolae_zen_rock_garden
D:12:     layout_rooms, orc_0_dummy
D:13:     layout_stronghold, uniq_azrael
Temple:   mainiacjoe_temple_circle_huts
Lair:1:   layout_hall_layers
Lair:2:   layout_roguey, minmay_snake_entry_guardpost_medium, uniq_harold
Lair:3:   layout_long_grid, nicolae_swamp_entry_splash_gauntlet, basic_altar,
          grunt_megastairs_5, uniq_rupert

Skill      XL: |  1  2  3  4  5  6  7  8  9 10 11 12 13 |
---------------+----------------------------------------+-----
Shields        | 4 |  4.4
Axes           | 3 4 5 6 9 11 13 15 17 18 | 18.6
Armour         | 4 |  4.6
Fighting       | 4 5 7 8 9 |  9.7
Stealth        | 1 2 |  2.0
Evocations     | 1 |  1.2
Throwing       | 1 |  1.6
Maces & Flails | 1 |  1.5
Invocations    | 1 2 3 4 |  4.1
Dodging        | |  0.7

Action                   |  1- 3 |  4- 6 |  7- 9 | 10-12 | 13-15 || total
-------------------------+-------+-------+-------+-------+-------++-------
Melee: War axe           |    92 |    70 |   108 |       |       ||   270
       Battleaxe         |       |       |    50 |   273 |    73 ||   396
       Flail             |       |       |    20 |     5 |       ||    25
Throw: Dart              |       |       |    48 |    74 |    17 ||   139
       Javelin           |       |       |       |    19 |    13 ||    32
       Boomerang         |       |       |       |     9 |     6 ||    15
Invok: Divine Shield     |       |       |     3 |     5 |     3 ||    11
 Abil: Dig               |     4 |     8 |     8 |    10 |     3 ||    33
Evoke: Wand              |       |     4 |     7 |     1 |       ||    12
  Use: Scroll            |     3 |     3 |     9 |     6 |       ||    21
       Potion            |     1 |     1 |       |     2 |     1 ||     5
Armor: Scale mail        |    55 |    11 |       |       |       ||    66
       Plate armour      |       |    30 |     3 |       |       ||    33
       Chain mail        |       |       |   108 |   139 |    22 ||   269
Dodge: Dodged            |    40 |    26 |    63 |   118 |    15 ||   262
Block: Buckler           |    28 |    20 |    68 |    71 |    17 ||   204

Table legend: (Time is in decaauts)
 A = Elapsed time spent in this place.
 B = Non-inter-level travel time spent in this place.
 C = Inter-level travel time spent in this place.
 D = Time resting spent in this place.
 E = Time spent auto-exploring this place.
 F = Levels seen in this place.
 G = Mean time per level.
                   A        B        C        D        E       F      G
               +--------+--------+--------+--------+--------+-----+--------+
         Total |  13695 |  13134 |    561 |   1029 |   9161 |  17 |  805.6 |
       Dungeon |  11370 |  10923 |    447 |    969 |   7637 |  13 |  874.6 |
        Temple |    306 |    284 |     22 |      0 |    262 |   1 |  306.0 |
          Lair |   2018 |   1927 |     91 |     60 |   1262 |   3 |  672.7 |
               +--------+--------+--------+--------+--------+-----+--------+

Top non-repeatable levels by time:
     D:1: 1378 daAuts
    D:11: 1297 daAuts
     D:4: 1274 daAuts
     D:5: 1161 daAuts
     D:2: 1046 daAuts
     D:9: 1000 daAuts
  Lair:2: 972 daAuts
  Lair:1: 961 daAuts
     D:7: 834 daAuts
     D:3: 811 daAuts
    D:10: 728 daAuts
     D:6: 633 daAuts
    D:12: 602 daAuts
     D:8: 556 daAuts
  Temple: 306 daAuts
